 Dungeon Crawl Stone Soup version 0.31.0-11-ge490571c62 (webtiles) character file.

Game seed: 6570802444148304697

1037 Ashen the Magician (level 8, -8/80 HPs)
             Began as an Oni Warper on Jan 26, 2024.
             Was a Believer of Vehumet.
             Mangled by a kobold brigand
             ... wielding a +0 short sword
              (9 damage)
             ... on level 6 of the Dungeon.
             The game lasted 00:12:25 (6356 turns).

Ashen the Magician (Oni Warper)                     Turns: 6356, Time: 00:12:26

Health: -8/80      AC:  3    Str: 22    XL:     8   Next: 24%
Magic:  16/16      EV: 10    Int: 16    God:    Vehumet [**....]
Gold:   289        SH:  0    Dex:  8    Spells: 6/18 levels left

rFire   . . .        s - +0 whip (elec)
rCold   . . .        (no shield)
rNeg    . . .        b - +0 robe
rPois   .            (helmet restricted)
rElec   .            (no cloak)
rCorr   .            (gloves unavailable)
SInv    +            (boots unavailable)
Will    .....        p - amulet of magic regeneration
Stlth   +            o - ring of see invisible
HPRegen 0.33/turn    q - +6 ring of strength
MPRegen 0.55/turn

%: no passive effects
@: lethally poisoned (-8 -> -11), hasted and slowed
A: large, unfitting armour, horns 1, tough skin 1, double potion healing,
drunken brawling
a: Renounce Religion


You were on level 6 of the Dungeon.
You worshipped Vehumet.
Vehumet was pleased with you.
You visited 2 branches of the dungeon, and saw 7 of its levels.

You collected 289 gold pieces.

Inventory:

Hand Weapons
 a - a +0 mace
 s - a +0 whip of electrocution (weapon)
Missiles
 d - 7 darts of dispersal (quivered)
 w - 11 poisoned darts
 x - a throwing net
 B - a curare-tipped dart
Armour
 b - a +0 robe (worn)
Magical Staves
 g - a staff of alchemy
 l - a staff of fire
Jewellery
 o - a ring of see invisible (left hand)
 p - an amulet of magic regeneration (around neck)
 q - a +6 ring of strength (right hand)
 t - a ring of protection from cold
Wands
 z - a wand of light (7)
Scrolls
 c - 2 scrolls of blinking
 h - 5 scrolls of identify {unknown}
 j - 2 scrolls of teleportation {unknown}
 n - 2 scrolls of fear {unknown}
 y - a scroll of poison {unknown}
 A - a scroll of vulnerability {unknown}
Potions
 e - 2 potions of lignification {unknown}
 f - 2 potions of haste
 i - 2 potions of degeneration {unknown}
 k - a potion of resistance {unknown}
 m - a potion of magic {unknown}
 r - 2 potions of curing {unknown}
 u - a potion of mutation {unknown}
 v - 3 potions of heal wounds {unknown}
 C - a potion of brilliance {unknown}
 D - a potion of berserk rage {unknown}


   Skills:
 + Level 5.3 Fighting
 + Level 3.9 Maces & Flails
 - Level 1.0 Throwing
 + Level 3.6 Dodging
 * Level 5.6 Spellcasting
 * Level 3.6 Conjurations
 + Level 4.0 Translocations


You had 6 spell levels left.
You knew the following spells:

 Your Spells              Type           Power      Damage    Failure   Level
a - Magic Dart            Conj           64%        1d6       3%          1
b - Blink                 Tloc           34%        N/A       4%          2
c - Lesser Beckoning      Tloc           34%        N/A       4%          2
d - Teleport Other        Tloc           17%        N/A       9%          3
e - Manifold Assault      Tloc           17%        N/A       26%         4

Your spell library contained the following spells:

 Spells                   Type           Power      Damage    Failure   Level
 Inner Flame              Hex/Fire       4%         N/A       41%         3
 Gell's Gravitas          Tloc           17%        N/A       9%          3
 Slow                     Hex            16%        N/A       14%         1
 Confusing Touch          Hex            4%         N/A       41%         3
 Sigil of Binding         Hex            4%         N/A       41%         3
 Vampiric Draining        Necr           4%         2d6       41%         3
 Vhi's Electric Charge    Tloc/Air       20%        N/A       52%         4
 Cause Fear               Hex            2%         N/A       82%         4
 Leda's Liquefaction      Alch/Erth      2%         N/A       82%         4
 Fireball                 Conj/Fire      5%         3d5       88%         5
 Lee's Rapid Deconstruct  Erth           2%         3d4*      99%         5
 Bombard                  Conj/Erth      5%         9d2       100%        6
 Dragon's Call            Summ           2%         N/A       100%        9


Dungeon Overview and Level Annotations

Branches:
Dungeon (6/15)             Temple (1/1) D:5

Altars:
Ashenzari
Dithmenos
Elyvilon
Gozag
Hepliaklqana
Kikubaaqudgha
Nemelex Xobeh
Okawaru
Qazlal
Ru
Sif Muna
Trog
Vehumet
Xom
Yredelemnul
Zin
The Shining One

Annotations:
D:3 2 transporters, Grinder; alja1234's ghost, amateur GnAl


Innate Abilities, Weirdness & Mutations

You are too large for most types of armour.
You have a pair of small horns on your head.
You have tough skin. (AC +1)
You gain doubled healing and magic from potions.
Whenever you drink a healing potion, you attack all around you.


Message History

Vehumet accepts your kill.
You feel sick.
You are no longer poisoned.
The kobold brigand closely misses you.
You miss the kobold brigand.
The kobold brigand is severely wounded.
Unknown command.
You closely miss the kobold.
The kobold hits you with a +0 short sword.
You closely miss the kobold. You headbutt the kobold.
You kill the kobold!
Vehumet accepts your kill.
You feel yourself speed up. The kobold hits you with a +0 whip.
* * * LOW HITPOINT WARNING * * *
You hit the kobold.
You kill the kobold!
Vehumet accepts your kill.
The kobold brigand throws a curare-tipped dart.
The curare-tipped dart hits you.
You are poisoned.
You have difficulty breathing.
* * * LOW HITPOINT WARNING * * *
You feel yourself slow down.
* * * LOW HITPOINT WARNING * * *
You feel very sick. The kobold brigand barely misses you.
The kobold brigand hits you with a +0 short sword.
* * * LOW HITPOINT WARNING * * *
You catch the helpless kobold brigand completely off-guard!
You hit the kobold brigand.
The kobold brigand is severely wounded.
* * * LOW HITPOINT WARNING * * *
You feel very sick. The kobold brigand barely misses you.
It was a potion of haste.
You feel yourself speed up.
* * * LOW HITPOINT WARNING * * *
You feel sick. The kobold brigand barely misses you.
The kobold brigand hits you with a +0 short sword!
You die...

..##..##.........##.##
.)..K....#.#######...# .
..##..##....## #.8.# .. ..
#..K......# #...# .. ..
#........## ##.## .. .#
#####.#K## #.# ##..
.#######.#.##### ##.## ##### #...
.......).#.#.))###...###...###..#
.#########'..8.K@.._.....8.....##
.# ##..#...###...###...##...# .#
##...##### ##.## #######... .##
##.......## #.# #.##
..####.........####.# ########...
.....'.........'.#... ...........
..####.........###.8. ###########
..# ##.......## #...# ### ..#
##.....## #..


You could see a kobold brigand (blind, unable to see you).

Vanquished Creatures
  Eustachio (D:5)
  A centaur (D:6)
  A kobold brigand (D:6)
  2 bullfrogs
  A scorpion (D:5)
  A howler monkey (D:5)
  A bombardier beetle (D:6)
  4 hounds
  A jelly (D:6)
  2 iguanas
  An orc wizard (D:6)
  8 gnolls
  8 adders
  A white imp (D:5)
  2 ufetubi
  A dart slug (D:4)
  4 ribbon worms
  7 orcs
  6 endoplasms
  3 giant cockroaches
  5 goblins
  9 hobgoblins
  8 jackals
  19 kobolds
  4 quokkas
  5 ball pythons
  5 bats
  4 rats
115 creatures vanquished.

Notes
Turn   | Place    | Note
-------+----------+-------------------------------------------
     0 | D:1      | Ashen the Oni Warper began the quest for the Orb.
     0 | D:1      | Reached XP level 1. HP: 22/22 MP: 3/3
    59 | D:1      | You fall into a shaft and drop 1 floor!
   149 | D:2      | Found a radiant altar of Vehumet.
   155 | D:2      | Became a worshipper of Vehumet
   205 | D:2      | Reached XP level 2. HP: 24/29 MP: 5/5
   408 | D:2      | Reached XP level 3. HP: 37/37 MP: 7/7
   830 | D:1      | Found a faded altar of an unknown god.
  1689 | D:3      | Reached * piety under Vehumet
  1689 | D:3      | Offered knowledge of Magic Dart by Vehumet.
  1692 | D:3      | Learned a level 1 spell: Magic Dart
  1735 | D:3      | Reached XP level 4. HP: 45/45 MP: 4/8
  1869 | D:3      | Found a transporter.
  1874 | D:3      | Noticed alja1234's ghost (amateur GnAl)
  2080 | D:3      | Noticed Grinder
  2405 | D:4      | Reached XP level 5. HP: 49/54 MP: 8/10
  2463 | D:4      | Reached skill level 1 in Conjurations
  2919 | D:5      | Entered Level 5 of the Dungeon
  3287 | D:5      | Noticed a yak
  3289 | D:5      | Noticed a yak
  3289 | D:5      | Noticed a yak
  3290 | D:5      | Noticed a yak
  3403 | D:3      | Offered knowledge of Sandblast by Vehumet.
  3409 | D:4      | Reached ** piety under Vehumet
  3410 | D:4      | Reached XP level 6. HP: 31/62 MP: 11/11
  3957 | D:3      | Found a transporter.
  4121 | D:5      | Found a staircase to the Ecumenical Temple.
  4236 | D:5      | Learned a level 2 spell: Blink
  4239 | D:5      | Learned a level 2 spell: Lesser Beckoning
  4243 | D:5      | Learned a level 3 spell: Teleport Other
  4248 | D:5      | Learned a level 4 spell: Manifold Assault
  4489 | D:5      | Noticed Eustachio
  4528 | Temple   | Entered the Ecumenical Temple
  4682 | D:5      | Reached XP level 7. HP: 55/71 MP: 8/13
  4887 | D:5      | Killed Eustachio
  5544 | D:6      | Reached skill level 5 in Fighting
  5544 | D:6      | Reached skill level 5 in Spellcasting
  5653 | D:6      | Found a white marble altar of Elyvilon.
  5728 | D:6      | Reached XP level 8. HP: 69/80 MP: 10/15
  5820 | D:6      | Offered knowledge of Inner Flame by Vehumet.
  6039 | D:6      | Found a sacrificial altar of Ru.
  6355 | D:6      | HP: 3/80 [poisoned by a kobold brigand (curare-tipped
                  | dart)]
  6356 | D:6      | HP: 1/80 [poisoned by a kobold brigand (curare-tipped
                  | dart)]
  6356 | D:6      | Mangled by a kobold brigand

Illustrated notes

Levels and vault maps discovered:
D:1:      wander_arrival_chamber, layout_basic,
          ebering_ecumenical_altar_petrified, minmay_tromino_v4_a
D:2:      layout_basic, basic_altar
D:3:      layout_basic, gammafunk_ghost_stat_death, uniq_grinder
D:4:      layout_cave_pools, kennysheep_opposing_triangles
D:5:      layout_cave_pods, minmay_temple_entry_waves, uniq_eustachio
D:6:      layout_loops_corners, elyvilon_altar_1,
          nicolae_ru_sacrificial_ziggurat
Temple:   hellmonk_temple_of_storms

Skill      XL: |  1  2  3  4  5  6  7  8 |
---------------+-------------------------+-----
Fighting       | 3 4 5 |  5.3
Translocations | 3 4 |  4.0
Spellcasting   | 3 4 5 |  5.6
Conjurations   | 1 2 3 |  3.6
Maces & Flails | 3 |  3.9
Dodging        | 3 |  3.6
Throwing       | |  1.0

Action                     |  1- 3 |  4- 6 |  7- 9 || total
---------------------------+-------+-------+-------++-------
  Melee: Mace              |    96 |     9 |       ||   105
         Headbutt          |    12 |     7 |    16 ||    35
         Whip              |       |   100 |   130 ||   230
         Punch             |       |       |     2 ||     2
   Cast: Magic Dart        |     6 |   131 |    12 ||   149
         Teleport Other    |       |     2 |     2 ||     4
         Manifold Assault  |       |       |     5 ||     5
  Evoke: Wand              |       |       |     1 ||     1
    Use: Potion            |       |       |     1 ||     1
   Stab: Invisible         |       |       |     1 ||     1
 Armour: Robe              |    76 |   138 |    79 ||   293
  Dodge: Dodged            |    67 |   124 |    56 ||   247
